 Dungeon Crawl Stone Soup version 0.30.1-11-g7821555f0a (webtiles) character file.

Game seed: 16664531776182830744

1 comborobin the Sneak (level 1, -8/20 HPs)
             Began as a Hill Orc Delver on Dec 23, 2023.
             Mangled by an ice beast (10 damage)
             ... on level 5 of the Dungeon.
             The game lasted 00:00:34 (119 turns).

comborobin the Sneak (Hill Orc Delver)               Turns: 119, Time: 00:00:35

Health: -8/20      AC:  3    Str: 14    XL:     1   Next: 20%
Magic:  1/1        EV: 11    Int: 10    God:
Gold:   0          SH:  0    Dex: 12    Spells: 0/0 levels left

rFire   . . .        a - +0 short sword
rCold   . . .        (no shield)
rNeg    . . .        b - +0 leather armour
rPois   .            (no helmet)
rElec   .            (no cloak)
rCorr   .            (no gloves)
SInv    .            (no boots)
Will    .....        (no amulet)
Stlth   ++           (no ring)
HPRegen 0.23/turn    (no ring)
MPRegen 0.07/turn

%: no passive effects
@: no status effects
A: no striking features
a: no special abilities


You were on level 5 of the Dungeon.
You visited 1 branch of the dungeon, and saw 3 of its levels.

Inventory:

Hand Weapons
 a - a +0 short sword (weapon)
Armour
 b - a +0 leather armour (worn)
 h - a +0 chain mail
Wands
 d - a wand of charming (8)
 g - a wand of digging (3)
Scrolls
 c - a scroll of fog
 e - a scroll of fear
 f - a scroll of torment {unknown}
 i - a scroll of identify {unknown}


   Skills:
 + Level 3.7 Fighting
 - Level 2.0 Short Blades
 - Level 1.5 Dodging
 - Level 4.1 Stealth


You couldn't memorise any spells.
You didn't know any spells.
Your spell library was empty.

Dungeon Overview and Level Annotations

Branches:
Dungeon (6/15)
 Temple: D:4-7

Altars:
Gozag
Uskayaw
Wu Jian


Message History

Found a stone staircase leading down.
Found a stone staircase leading down.
Your hound bites the endoplasm!
The endoplasm dies!
No target in view!
No target in view!
There is a stone staircase leading down here.
You climb downwards.
Found a scale mail.
There is a stone staircase leading up here.
You climb upwards.
There is a stone staircase leading down here.
You climb downwards.
There is a stone staircase leading up here.
(D) Dungeon
Where to? (Enter - D:5 @ (x,y), ? - help)
Okay, then.
An ice beast comes into view.
Found an emerald potion.
Found a scroll labelled OZUUKU DICLIUCH.
Found an opulent altar of Gozag.
Found a hide-covered altar of Uskayaw.
Found a scroll labelled BINUGG LONKAT.
Found an ornate altar of the Wu Jian Council.
Your extra speed is starting to run out.
You see here a scroll labelled BINUGG LONKAT.
You see here a scroll labelled BINUGG LONKAT.
f - a scroll labelled BINUGG LONKAT The ice beast hits you.
The ice beast freezes you.
The ice beast hits you but does no damage.
You feel yourself slow down. The ice beast attacks as you move away!
The ice beast hits you. The ice beast freezes you.
* * * LOW HITPOINT WARNING * * *
You see here a scroll labelled OZUUKU DICLIUCH.
i - a scroll labelled OZUUKU DICLIUCH The ice beast hits you.
* * * LOW HITPOINT WARNING * * *
The ice beast freezes you!
Ouch! That really hurt!
You die...

,,*,* *****,,,,,,,,,,*****,,,....
*,,,***** #*,,*,,..,**##*****....
*,,,,*,,*##.,,**#....#.#.##**#...
*,,,,,,,,#...####.#.........,?...
,,,,,,,,,,...#.#..#.........,,,,*
,,,,,,,,,**#......#.........,,,,,
,*,,,,,,** #........!........,,,,
,*****,,,***#.................,,,
** ****,,* #...@..............,.
**,**,,* #...Y..............,w
**,,*,,,**##8..8##...........,.
*,,,,,,,,* #...._#..........,,.
***,,,,,,*###..###.#........,..
**,,,,,,,,,#_...._#[.....##**...
*,,,,,,,,,,###..###...#...###...
**,,,,,,,,,,#.....♣##............
*,,,,,,,,,,,###..####.........#**


You could see an ice beast.

Vanquished Creatures (collateral kills)
  An endoplasm (D:4)
1 creature vanquished.

Notes
Turn   | Place    | Note
-------+----------+-------------------------------------------
     0 | D:5      | comborobin the Hill Orc Delver began the quest for the Orb.
     0 | D:5      | Reached XP level 1. HP: 19/19 MP: 1/1
    36 | D:5      | Noticed a jelly
    50 | D:5      | Noticed a hound
    52 | D:5      | Noticed a water moccasin
    52 | D:5      | Noticed a hound
    90 | D:5      | Noticed an ice beast
    94 | D:5      | Found an opulent altar of Gozag.
    96 | D:5      | Found a hide-covered altar of Uskayaw.
    98 | D:5      | Found an ornate altar of the Wu Jian Council.
   119 | D:5      | Mangled by an ice beast

Illustrated notes

Levels and vault maps discovered:
D:4:      layout_layer_cave, minmay_temple_entry_trees
D:5:      layout_cave_pools, mainiacjoe_overflow_small_starburst, minitemple
D:6:      layout_basic, serial_shops, nicolae_take_the_stairs

Action                     || total
---------------------------++-------
  Evoke: Wand              ||     1
    Use: Scroll            ||     1
         Potion            ||     1
 Armour: Leather armour    ||     3
  Dodge: Dodged            ||     5
